 Dungeon Crawl Stone Soup version 0.27-a0-40-g5f2be0e231 (webtiles) character file.

Game seed: 8895869452239704760

123789 dolemite99 the Severer (level 16, -9/144 HPs)
             Began as a Minotaur Abyssal Knight on Jan 6, 2021.
             Was a High Priest of Lugonu.
             Killed from afar by a will-o-the-wisp (13 damage)
             ... with a foxfire
             ... on level 3 of the Swamp.
             The game lasted 00:56:45 (42877 turns).

dolemite99 the Severer (Minotaur Abyssal Knight)   Turns: 42877, Time: 00:56:46

Health: -9/144     AC: 31    Str: 19    XL:     16   Next: 37%
Magic:  31/31      EV:  9    Int:  9    God:    Lugonu [*****.]
Gold:   3018       SH:  0    Dex: 16    Spells: 15/15 levels left

rFire    . . .     SeeInvis +   b - +2 longbow (vorpal)
rCold    + . .     Faith    +   (shield currently unavailable)
rNeg     . . .     Spirit   .   A - +4 plate armour
rPois    +         Reflect  .   H - +1 hat {Will+}
rElec    .         Harm     .   R - scarf {repulsion}
rCorr    +         Rampage  .   Y - +0 pair of gloves of the Game of Kings {+Fly rC+ rCorr}
Will     ++...                  t - +2 pair of boots
Stlth    ..........             T - amulet of faith
HPRegen  0.34/turn              h - ring "Fouczeed" {AC+4 Str-2 Dex+3 SInv, =R}
MPRegen  0.22/turn              c - ring of the Frog {rPois MP+9}

@: studying Invocations, repel missiles
A: retaliatory headbutt, horns 2
a: Renounce Religion, Evoke Flight, Depart the Abyss, Bend Space, Banish,
Corrupt, Enter the Abyss


You were on level 3 of the Swamp.
You worshipped Lugonu.
Lugonu was extremely pleased with you.
You visited 4 branches of the dungeon, and saw 26 of its levels.
You visited the Abyss 1 time.
You also visited: Bailey.

You collected 3526 gold pieces.
You spent 508 gold pieces at shops.

Inventory:

Hand Weapons
 a - the +7 executioner's axe of Gloom {speed, Str-3 Int+3 SInv Stlth+}
   (You acquired it in a bailey)

   Attacks with this weapon are significantly faster.
   It affects your strength (-3).
   It affects your intelligence (+3).
   It lets you see invisible.
   It makes you more stealthy.
 b - a +2 vorpal longbow (weapon)
 N - the +8 hand axe of Pain and Death {freeze, rC+ SInv}
   (You found it on level 5 of the Lair of Beasts)

   It has been specially enchanted to freeze those struck by it, causing extra
   injury to most foes and up to half again as much damage against particularly
   susceptible opponents.
   It can also slow down cold-blooded creatures.
   It protects you from cold.
   It lets you see invisible.
 U - a +2 shortbow of flaming
Missiles
 e - 323 arrows (quivered ammo)
Armour
 g - the +2 pair of gloves of Objectivity {rPois Int+3 Dex-2}
   (You found it on level 6 of the Lair of Beasts)

   It affects your intelligence (+3).
   It affects your dexterity (-2).
   It protects you from poison.
 t - a +2 pair of boots (worn)
 A - a +4 plate armour (worn)
 H - a +1 hat of willpower (worn)
 R - a scarf of repulsion (worn)
 Y - the +0 pair of gloves of the Game of Kings (worn) {+Fly rC+ rCorr}
   (You found it on level 9 of the Dungeon)

   It protects you from cold.
   It lets you fly.
   It provides partial protection from all sources of acid and corrosion.
Jewellery
 c - the ring of the Frog (right hand) {rPois MP+9}
   (You found it in a bailey)

   [ring of poison resistance]

   It protects you from poison.
   It affects your magic capacity (+9).
 h - the ring "Fouczeed" (left hand) {AC+4 Str-2 Dex+3 SInv, =R}
   (You acquired it in a bailey)

   [ring of protection]

   It affects your AC (+4).
   It affects your strength (-2).
   It affects your dexterity (+3).
   It lets you see invisible.
 i - an uncursed ring of willpower
 p - a +4 ring of slaying
 P - an uncursed ring of wizardry
 T - an amulet of faith (around neck)
 V - the ring of the First Shrikes {rElec rF+ rN+ Int+4 Stlth-}
   (You found it on level 2 of the Lair of Beasts)

   [ring of positive energy]

   It affects your intelligence (+4).
   It protects you from fire.
   It insulates you from electricity.
   It protects you from negative energy.
   It makes you less stealthy.
 X - an uncursed ring of resist corrosion
 Z - an uncursed ring of see invisible
Wands
 n - a wand of disintegration (26)
 r - a wand of enslavement (13)
 w - a wand of digging (11)
 y - a wand of polymorph (11)
 B - a wand of flame (10)
 Q - a wand of acid (1)
 S - a wand of iceblast (13)
Scrolls
 l - 13 scrolls of teleportation
 m - a scroll of silence
 o - 2 scrolls of fog
 x - 3 scrolls of remove curse {@r2}
 z - 3 scrolls of magic mapping
 E - 4 scrolls of fear
 W - a scroll of holy word
Potions
 d - 6 potions of mutation
 f - 5 potions of lignification
 j - 2 potions of haste
 q - 3 potions of ambrosia
 s - 8 potions of flight
 v - 4 potions of brilliance
 D - 2 potions of resistance
 F - 7 potions of curing
 J - 2 potions of magic
 K - 4 potions of might
 M - 5 potions of attraction
Books
 L - a manual of Invocations
Miscellaneous
 k - a condenser vane (inert)
 C - a tin of tremorstones (1/2)
 I - a phial of floods


   Skills:
 - Level 13.3 Fighting
 - Level 19.9(20.4) Axes
 - Level 9.0(15.6) Maces & Flails
 + Level 11.8 Bows
 - Level 14.7 Armour
 - Level 5.1 Dodging
 - Level 10.3 Invocations
 - Level 3.1 Evocations


You had 15 spell levels left.
You didn't know any spells.
Your spell library contained the following spells:

 Spells                   Type           Power        Failure   Level
 Animate Skeleton         Necr           0%           99%         1
 Apportation              Tloc           0%           99%         1
 Beastly Appendage        Tmut           0%           99%         1
 Corona                   Hex            0%           99%         1
 Magic Dart               Conj           0%           99%         1
 Sting                    Tmut/Pois      0%           99%         1
 Summon Small Mammal      Summ           0%           99%         1
 Blink                    Tloc           N/A          100%        2
 Call Imp                 Summ           0%           100%        2
 Corpse Rot               Necr/Air       N/A          100%        2
 Ensorcelled Hibernation  Hex/Ice        0%           100%        2
 Poisonous Vapours        Pois/Air       0%           100%        2
 Searing Ray              Conj           0%           100%        2
 Slow                     Hex            0%           100%        2
 Wereblood                Tmut           0%           100%        2
 Call Canine Familiar     Summ           0%           100%        3
 Confusing Touch          Hex            0%           100%        3
 Dazzling Flash           Conj/Hex       0%           100%        3
 Gell's Gravitas          Tloc           0%           100%        3
 Ignite Poison            Fire/Tmut/Pois 0%           100%        3
 Inner Flame              Hex/Fire       0%           100%        3
 Lesser Beckoning         Tloc           0%           100%        3
 Mephitic Cloud           Conj/Pois/Air  0%           100%        3
 Portal Projectile        Hex/Tloc       0%           100%        3
 Spider Form              Tmut/Pois      0%           100%        3
 Static Discharge         Conj/Air       0%           100%        3
 Stone Arrow              Conj/Erth      0%           100%        3
 Summon Guardian Golem    Hex/Summ       0%           100%        3
 Teleport Other           Tloc           0%           100%        3
 Tukima's Dance           Hex            0%           100%        3
 Cause Fear               Hex            0%           100%        4
 Fulminant Prism          Conj/Hex       0%           100%        4
 Ice Form                 Ice/Tmut       0%           100%        4
 Iskenderun's Mystic Bla  Conj/Tloc      0%           100%        4
 Leda's Liquefaction      Hex/Erth       0%           100%        4
 Olgreb's Toxic Radiance  Pois           0%           100%        4
 Passage of Golubria      Tloc           N/A          100%        4
 Summon Ice Beast         Ice/Summ       0%           100%        4
 Summon Lightning Spire   Summ/Air       0%           100%        4
 Blade Hands              Tmut           0%           100%        5
 Bolt of Magma            Conj/Fire/Erth 0%           100%        5
 Lightning Bolt           Conj/Air       0%           100%        5
 Summon Forest            Summ/Tloc      0%           100%        5
 Eringya's Noxious Bog    Tmut/Pois      0%           100%        6
 Hydra Form               Tmut           0%           100%        6
 Iron Shot                Conj/Erth      0%           100%        6
 Statue Form              Tmut/Erth      0%           100%        6
 Summon Hydra             Summ           0%           100%        7
 Ignition                 Fire           0%           100%        8
 Shatter                  Erth           0%           100%        9
 Tornado                  Air            0%           100%        9


Dungeon Overview and Level Annotations

Branches:
Dungeon (15/15)            Temple (0/1) D:4            Lair (6/6) D:11
  Swamp (3/4) Lair:2       Spider (0/4) Lair:2        Slime (0/5) Lair:6
    Orc (2/2) D:11            Elf (0/3) Orc:2        Vaults (0/5) D:14
 Depths (0/5) D:15         Bailey (visited)

Altars:
Ashenzari
Cheibriados
Elyvilon
Fedhas
Gozag
Nemelex Xobeh
Okawaru
Qazlal
Ru
Sif Muna
Xom
Jiyva
Lugonu

Shops:
D:6 *   D:8 *((   D:9 [   D:12 (   Orc:2 ![[(

Portals:
Abyss: D:11

Annotations:
D:3 3 runed translucent doors, Hellmel's ghost, amateur DsMo
D:14 corrupted
Lair:4 corrupted
Orc:1 corrupted
Orc:2 corrupted
Abyss:1 Snorg


Innate Abilities, Weirdness & Mutations

You reflexively headbutt those who attack you in melee.
You have a pair of horns on your head.


Message History

The foxfire hits you!
* * * LOW HITPOINT WARNING * * *
Fire: 325 arrows
Press: ? - help, Q - select action, (/) - cycle Shift-Dir - straight line, f/p - will-o-the-wisp
Aim: a will-o-the-wisp (wisps of flame, lightly damaged)
You shoot an arrow. The arrow hits the will-o-the-wisp.
The will-o-the-wisp is moderately damaged.
You hear a splash.
The will-o-the-wisp gestures.
The will-o-the-wisp conjures some foxfire! 2 foxfires come into view.
Fire: 324 arrows
Press: ? - help, Q - select action, (/) - cycle Shift-Dir - straight line, f/p - will-o-the-wisp
Aim: a will-o-the-wisp (moderately damaged)
You shoot an arrow. The arrow hits the foxfire!
The foxfire is lightly damaged.
The foxfire hits you!!
* * * LOW HITPOINT WARNING * * *
The foxfire hits you!
You die...

.(.♣♣≈≈
♣♣..≈§≈≈≈.♣≈≈.≈≈≈≈.
♣. #..
.≈≈≈≈≈≈.≈≈≈≈≈≈.≈♣ .
♣.. ..≈D≈(..(≈≈≈.≈
♣≈. ≈.☼☼○°(..(≈.
..≈≈☼○(≈(♣♣
...☼○♣(≈(♣♣
..^.○☼..)(.♣♣♣♣
#######.#(§≈..♣
#...@...#§(..♣♣
#...v...#(<(♣♣
#..(v§.≈§)...♣
#.[(§....?..♣≈♣
#.(...≈≈≈(♣♣♣ ≈≈
#(#≈≈.§≈≈(.. .≈♣
♣..(..♣.≈≈≈≈.. .≈
♣≈≈≈(.≈♣.≈≈≈(≈≈ ≈
♣...♣♣♣♣.≈≈≈(≈


You could see a will-o-the-wisp.

Vanquished Creatures
  A storm dragon (D:14)
  A fenstrider witch (Swamp:2)
  A tengu reaver (D:14)
  Louise (D:14)
  2 bunyips
  A fire dragon (Lair:6)
  6 eleionomae
  Josephine (D:11)
  An ice dragon (Lair:6)
  7 hydras
  3 boulder beetles
  5 vault guards (D:14)
  A ghost crab (Swamp:2)
  2 centaur warriors
  6 two-headed ogres
  A queen ant (Lair:4)
  A tengu warrior (D:14)
  3 alligators
  A vampire mage (D:15)
  A deep troll earth mage (D:14)
  2 skeletal warriors (D:15)
  Sonja (D:10)
  5 slime creatures
  2 spriggan druids
  2 unseen horrors
  A swamp dragon (Lair:6)
  A goliath frog (Swamp:1)
  3 bog bodies
  Pikel (D:7)
  2 lindwurms (Lair:6)
  A necromancer (D:15)
  3 deep elf magi
  2 orc knights
  4 cyclopes
  7 ugly things
  3 manticores
  A wolf spider (D:15)
  2 will-o-the-wisps (Swamp:3)
  5 elephants (Lair:5)
  2 black mambas (Lair:6)
  Joseph (D:7)
  8 cane toads
  5 torpor snails (Lair:6)
  A gargoyle (D:14)
  Maggie (D:7)
  A spriggan zombie (D:15)
  2 efreet (D:15)
  A redback zombie (D:10)
  4 rime drakes
  11 komodo dragons
  10 trolls
  A wolf spider simulacrum (D:15)
  19 hornets
  An ettin zombie (D:15)
  4 tyrant leeches
  3 polar bears
  3 meliai (D:15)
  3 blink frogs (Lair:6)
  2 centaur simulacra (D:15)
  12 spriggans
  4 shadows
  4 redbacks (Lair:2)
  49 yaks
  5 wraiths
  7 basilisks
  2 water elementals (D:15)
  6 wyverns
  6 humans (D:14)
  3 steam dragons
  Menkaure (D:7)
  17 vampire mosquitoes
  4 wargs
  8 swamp worms
  2 acid dragons (Lair:6)
  5 soldier ants (Lair:4)
  A meliai simulacrum (D:14)
  22 orc warriors
  12 water moccasins
  7 ice beasts
  3 black bears
  3 phantoms
  3 sky beasts
  3 swamp drakes
  2 necrophages
  11 ogres
  3 eyes of draining
  18 wolves
  8 centaurs
  A lemure (D:7)
  Blork the orc (D:5)
  13 bullfrogs
  8 big kobolds
  5 gnoll sergeants
  2 water moccasin zombies
  A wyvern skeleton (D:8)
  6 scorpions
  10 killer bees
  4 wights (D:13)
  2 electric eels
  5 howler monkeys
  7 bullfrog zombies
  2 centaur zombies
  9 hounds
  4 jellies
  12 orc priests
  20 orc wizards
  5 bullfrog skeletons
  7 centaur skeletons
  7 iguanas
  6 hell rats (Lair:4)
  22 worker ants
  2 hound skeletons
  9 gnolls
  3 worker ant zombies
  A howler monkey skeleton (D:4)
  17 adders
  5 white imps
  5 ufetubi
  An adder zombie (D:8)
  2 adder skeletons
  3 worms
  3 dart slugs
  7 leopard geckos
  79 orcs
  9 giant cockroaches
  15 goblins
  12 hobgoblins
  18 jackals
  23 kobolds
  A quokka (D:3)
  2 ball pythons (D:3)
  12 bats
  6 frilled lizards
  A jackal skeleton (D:4)
  5 rats
808 creatures vanquished.

Vanquished Creatures (collateral kills)
  A fenstrider witch (Swamp:3)
  2 bunyips
  A bog body (Swamp:3)
  A swamp drake (Swamp:2)
5 creatures vanquished.

Vanquished Creatures (others)
  Rupert (D:14)
  Gastronok (Orc:1)
  2 entropy weavers (Lair:4)
  Harold (Orc:1)
  2 hydras (D:14)
  3 orc high priests (Orc:2)
  Nergalle (Orc:1)
  A wizard (D:14)
  3 orc knights (Orc:2)
  4 orc sorcerers
  2 deep elf magi (D:14)
  2 black mambas (Lair:4)
  A centaur zombie (D:14)
  An elephant (D:14)
  A rime drake (Lair:4)
  A troll (Orc:1)
  A jumping spider (shapeshifter) (D:14)
  A bloated husk (Swamp:2)
  A tyrant leech (Swamp:2)
  A human (D:14)
  3 wargs (Orc:1)
  6 soldier ants (Lair:4)
  A water moccasin (Lair:4)
  10 orc warriors
  2 ogres (Orc:1)
  A centaur (D:14)
  3 orc wizards
  3 orc priests
  A hell rat (Lair:4)
  5 worker ants (Lair:4)
  11 orcs
  5 foxfires (Swamp:3)
  19 fungi
  A lurking horror (D:11)
  56 plants
  14 starspawn tentacles
  12 withered plants (D:15)
184 creatures vanquished.

Grand Total: 997 creatures vanquished

Notes
Turn   | Place    | Note
-------+----------+-------------------------------------------
     0 | Abyss:1  | dolemite99 the Minotaur Abyssal Knight began the quest for
                  | the Orb.
     0 | Abyss:1  | Reached XP level 1. HP: 19/19 MP: 1/1
    31 | D:1      | Escaped the Abyss
    60 | D:1      | Reached skill level 3 in Axes
   180 | D:1      | Reached XP level 2. HP: 13/26 MP: 2/2
   386 | D:1      | Reached skill level 4 in Axes
   560 | D:1      | Reached ** piety under Lugonu
   859 | D:1      | Reached XP level 3. HP: 31/31 MP: 3/3
  1733 | D:2      | Found a sparkling altar of Nemelex Xobeh.
  1733 | D:2      | Found a snail-covered altar of Cheibriados.
  1734 | D:2      | Found a stormy altar of Qazlal.
  1933 | D:2      | Reached skill level 5 in Axes
  1935 | D:2      | Found a sacrificial altar of Ru.
  2044 | D:2      | Reached XP level 4. HP: 39/39 MP: 4/4
  2124 | D:2      | Found a broken altar of Ashenzari.
  2301 | D:2      | Found a shimmering altar of Xom.
  2425 | D:3      | Reached skill level 6 in Axes
  2446 | D:3      | Reached *** piety under Lugonu
  2559 | D:3      | Reached XP level 5. HP: 37/45 MP: 5/5
  2723 | D:3      | Found a runed translucent gate.
  2725 | D:3      | Found a runed translucent gate.
  2725 | D:3      | Found a runed translucent gate.
  2725 | D:3      | Found an opulent altar of Gozag.
  2726 | D:3      | Noticed Hellmel's ghost (amateur DsMo)
  2727 | D:3      | Noticed a deep elf mage
  3030 | D:4      | Reached skill level 1 in Maces & Flails
  3153 | D:4      | Reached XP level 6. HP: 39/51 MP: 6/6
  3266 | D:4      | Found a staircase to the Ecumenical Temple.
  3874 | D:4      | Reached skill level 5 in Maces & Flails
  3944 | D:5      | Entered Level 5 of the Dungeon
  3950 | D:5      | Noticed a sky beast
  3954 | D:5      | Noticed a troll
  4050 | D:5      | Reached XP level 7. HP: 57/57 MP: 7/7
  4092 | D:5      | Killed a troll
  4279 | D:5      | Reached **** piety under Lugonu
  4298 | D:5      | Noticed Blork the orc
  4318 | D:5      | Killed Blork the orc
  4413 | D:5      | Reached XP level 8. HP: 39/66 MP: 7/9
  5249 | D:6      | Reached skill level 5 in Invocations
  5995 | D:6      | Found a shimmering blue altar of Sif Muna.
  6150 | D:6      | Noticed a cyclops
  6174 | D:6      | Killed a cyclops
  6175 | D:6      | Reached XP level 9. HP: 25/71 MP: 12/14
  6732 | D:6      | Found Itatyled's Assorted Antiques.
  6740 | D:6      | Bought 2 potions of curing for 174 gold pieces
  6740 | D:6      | Bought a robe for 20 gold pieces
  6740 | D:6      | Bought a coppery potion for 26 gold pieces
  6973 | D:7      | Noticed Pikel
  7008 | D:7      | Killed Pikel
  7215 | D:7      | Noticed Joseph
  7231 | D:7      | Killed Joseph
  7882 | D:7      | Noticed Maggie
  7899 | D:7      | Killed Maggie
  7900 | D:7      | Reached skill level 10 in Fighting
  7900 | D:7      | Reached XP level 10. HP: 69/93 MP: 15/15
  8229 | D:7      | Noticed Menkaure
  8240 | D:7      | Killed Menkaure
  9015 | D:8      | Found a blossoming altar of Fedhas.
  9163 | D:8      | Found an iron altar of Okawaru.
  9171 | D:8      | Noticed a brown ugly thing
  9173 | D:8      | Banished a brown ugly thing
  9174 | D:8      | Reached skill level 5 in Armour
  9317 | D:8      | Found a white marble altar of Elyvilon.
  9359 | D:8      | Found Faymyij's Weapon Shoppe.
  9374 | D:8      | Found Linu's Weapon Shop.
  9575 | D:8      | Found Jesirr's General Store.
  9699 | D:8      | Reached ***** piety under Lugonu
 10118 | D:8      | Noticed a two-headed ogre
 10128 | D:8      | Killed a two-headed ogre
 10756 | D:9      | Reached skill level 5 in Dodging
 10913 | D:9      | Found Peynoug's Antique Armour Emporium.
 11311 | D:9      | Reached skill level 1 in Evocations
 11528 | D:9      | Got a pair of heavily runed gloves
 11541 | D:9      | Identified the +0 pair of gloves of the Game of Kings {+Fly
                  | rC+ rCorr} (You found it on level 9 of the Dungeon)
 11951 | D:9      | Reached skill level 1 in Bows
 12186 | D:10     | Entered Level 10 of the Dungeon
 12195 | D:10     | Noticed Sonja
 12199 | D:10     | Killed Sonja
 12343 | D:10     | Reached XP level 11. HP: 98/100 MP: 16/16
 12344 | D:10     | Killed an unseen horror
 12384 | D:10     | Reached skill level 5 in Bows
 12397 | D:10     | Noticed a two-headed ogre
 12409 | D:10     | Killed a two-headed ogre
 12567 | D:10     | Noticed Snorg
 12576 | D:10     | Banished Snorg
 12577 | D:10     | Noticed a two-headed ogre
 12586 | D:10     | Banished a two-headed ogre
 13751 | D:10     | Found a blossoming altar of Fedhas.
 13792 | D:11     | Noticed a six-headed hydra
 13805 | D:11     | Killed a six-headed hydra
 13806 | D:11     | Reached skill level 10 in Invocations
 13933 | D:11     | Found a flagged portal.
 13943 | Bailey   | Entered a bailey
 13948 | Bailey   | Noticed an orc warlord
 14033 | Bailey   | Noticed an orc knight
 14045 | Bailey   | Banished an orc knight
 14086 | Bailey   | Found a runed translucent gate.
 14086 | Bailey   | Found a runed translucent gate.
 14086 | Bailey   | Found a runed translucent gate.
 14102 | Bailey   | Identified a scroll of acquirement
 14103 | Bailey   | Acquired the ring "Fouczeed" {AC+4 Str-2 Dex+3 SInv}
 14196 | Bailey   | Banished an orc warlord
 14209 | Bailey   | Acquired the +7 executioner's axe of Gloom {speed, Str-3
                  | Int+3 SInv Stlth+}
 14225 | Bailey   | Acquired a manual of Invocations
 14233 | Bailey   | Got a vibrating bronze ring
 14234 | Bailey   | Identified the ring of the Frog {rPois MP+9} (You found it
                  | in a bailey)
 14806 | D:11     | Reached skill level 7 in Axes
 14913 | D:11     | Reached XP level 12. HP: 102/106 MP: 18/18
 14945 | D:11     | Noticed Josephine
 14960 | D:11     | Killed Josephine
 14961 | D:11     | Reached skill level 8 in Axes
 15179 | D:11     | Found a one-way gate to the infinite horrors of the Abyss.
 15186 | D:11     | Found a corrupted altar of Lugonu.
 15421 | D:11     | Reached skill level 9 in Axes
 16069 | D:11     | Reached skill level 10 in Axes
 16191 | D:11     | Found a staircase to the Orcish Mines.
 16290 | D:11     | Found a staircase to the Lair.
 16420 | Lair:1   | Entered Level 1 of the Lair of Beasts
 16558 | Lair:1   | Reached skill level 11 in Axes
 16769 | Lair:1   | Found a shimmering blue altar of Sif Muna.
 16819 | Lair:1   | Reached skill level 12 in Axes
 18407 | Lair:2   | Reached skill level 13 in Axes
 19138 | Lair:2   | Got a sparkling wooden ring
 19141 | Lair:2   | Identified the ring of the First Shrikes {rElec rF+ rN+
                  | Int+4 Stlth-} (You found it on level 2 of the Lair of
                  | Beasts)
 19166 | Lair:2   | Found a hole to the Spider Nest.
 19178 | Lair:2   | Reached XP level 13. HP: 109/113 MP: 19/19
 19200 | Lair:2   | Reached skill level 14 in Axes
 19870 | Lair:2   | Found a staircase to the Swamp.
 21404 | Lair:4   | Reached skill level 15 in Axes
 21450 | Lair:4   | Noticed an entropy weaver
 21450 | Lair:4   | Noticed an entropy weaver
 21458 | Lair:4   | Corrupted Lair:4
 21458 | Lair:4   | Noticed a cacodemon
 21458 | Lair:4   | Noticed a white very ugly thing
 21458 | Lair:4   | Noticed a starcursed mass
 21460 | Lair:4   | Killed an entropy weaver
 21462 | Lair:4   | Killed an entropy weaver
 21476 | Lair:4   | Noticed a tentacled starspawn
 22539 | Lair:5   | Reached skill level 16 in Axes
 22926 | Lair:5   | You fall into a shaft and drop 1 floor!
 22926 | Lair:6   | Entered Level 6 of the Lair of Beasts
 23426 | Lair:6   | Reached skill level 17 in Axes
 23478 | Lair:6   | Found a viscous altar of Jiyva.
 23480 | Lair:6   | Found a staircase to the Slime Pits.
 24096 | Lair:6   | Noticed a fire dragon
 24113 | Lair:6   | Killed a fire dragon
 24692 | Lair:6   | Got a pair of ichor-stained gloves
 24705 | Lair:6   | Identified the +2 pair of gloves of Objectivity {rPois
                  | Int+3 Dex-2} (You found it on level 6 of the Lair of
                  | Beasts)
 24810 | Lair:6   | Found a runed translucent door.
 25680 | Lair:6   | Reached skill level 18 in Axes
 25680 | Lair:6   | Reached XP level 14. HP: 115/121 MP: 20/20
 26396 | Lair:6   | Acquired 1064 gold pieces
 27041 | Lair:5   | Got an iridescent hand axe
 27161 | D:12     | Found Sysaeh's Antique Weapon Shoppe.
 27184 | D:12     | You fall into a shaft and drop 1 floor!
 27471 | D:13     | Reached skill level 19 in Axes
 29000 | D:12     | Identified the +8 hand axe of Pain and Death {freeze, rC+
                  | SInv} (You found it on level 5 of the Lair of Beasts)
 30050 | D:12     | Reached ****** piety under Lugonu
 30300 | Orc:1    | Entered Level 1 of the Orcish Mines
 30300 | Orc:1    | Noticed Nergalle
 30307 | Orc:1    | Corrupted Orc:1
 30307 | Orc:1    | Noticed a starcursed mass
 30307 | Orc:1    | Noticed a tentacled starspawn
 30307 | Orc:1    | Noticed a tentacled starspawn
 30308 | Orc:1    | Noticed an ancient lich
 30310 | Orc:1    | Killed Nergalle
 30317 | Orc:1    | Noticed an ironheart preserver
 30339 | Orc:1    | Killed Gastronok
 30342 | Orc:1    | Killed Harold
 30702 | Orc:2    | Entered Level 2 of the Orcish Mines
 30726 | Orc:1    | HP: 6/122 [orc knight/+0 great mace (22)]
 32331 | Orc:2    | Corrupted Orc:2
 32331 | Orc:2    | Noticed a tentacled starspawn
 32331 | Orc:2    | Noticed a bone dragon
 32331 | Orc:2    | Noticed a lich
 32332 | Orc:2    | Noticed a balrug
 32332 | Orc:2    | Noticed a starcursed mass
 32332 | Orc:2    | Noticed a starcursed mass
 32332 | Orc:2    | Noticed a purple very ugly thing
 32535 | Orc:2    | Found Neb Gehu's Antique Armour Shop.
 32536 | Orc:2    | Found Wilezys's Distillery.
 32537 | Orc:2    | Found Wamm's Armour Shoppe.
 32537 | Orc:2    | Found Harae's Antique Weapon Shoppe.
 33628 | Orc:2    | Found a staircase to the Elven Halls.
 33828 | Orc:2    | Bought a potion of heal wounds for 60 gold pieces
 33828 | Orc:2    | Bought a potion of heal wounds for 60 gold pieces
 33828 | Orc:2    | Bought a potion of heal wounds for 60 gold pieces
 33828 | Orc:2    | Bought a potion of curing for 36 gold pieces
 33828 | Orc:2    | Bought a potion of flight for 36 gold pieces
 33828 | Orc:2    | Bought a potion of attraction for 36 gold pieces
 34602 | D:14     | Corrupted D:14
 34605 | D:14     | Noticed a storm dragon
 34626 | D:14     | Killed a storm dragon
 34644 | D:14     | Killed Rupert
 34922 | D:14     | Reached XP level 15. HP: 130/135 MP: 21/21
 34931 | D:14     | Noticed a tengu reaver
 34947 | D:14     | Killed a tengu reaver
 35838 | D:14     | Found a gate to the Vaults.
 35847 | D:14     | Noticed Louise
 35874 | D:14     | Killed Louise
 35978 | D:14     | Found a sparkling altar of Nemelex Xobeh.
 36042 | D:15     | Entered Level 15 of the Dungeon
 36333 | D:15     | Reached skill level 10 in Armour
 36902 | D:15     | Found a staircase to the Depths.
 38918 | Swamp:1  | Entered Level 1 of the Swamp
 41124 | Swamp:2  | Reached XP level 16. HP: 103/144 MP: 22/22
 41652 | Swamp:2  | Acquired a +2 vorpal longbow
 42151 | Swamp:3  | Reached skill level 10 in Bows
 42877 | Swamp:3  | HP: 4/144 [will-o-the-wisp/foxfire (19)]
 42877 | Swamp:3  | Killed from afar by a will-o-the-wisp

Illustrated notes

Levels and vault maps discovered:
D:1:      wander_arrival_estate, layout_basic
D:2:      layout_loops_ring, marbit_many_paths,
          nicolae_overflow_quartered_altars, minmay_large_rounded_square,
          nicolae_ru_awakened_eye
D:3:      layout_basic, ebering_ghost_gozag
D:4:      layout_loops_ring, minmay_temple_entry_enclosed_plants,
          minmay_misc_feat_nine_boxes, kennysheep_another_room
D:5:      layout_rooms, kennysheep_big_empty_room, minmay_holes,
          uniq_blork_the_orc
D:6:      layout_basic, led_sif_pool, serial_shops, shop, minmay_divided_ellipse
D:7:      layout_loops_ring, serial_co_window_serial, co_window_paths_a,
          co_window_paths_b, co_window_cross_1, co_window_of_opportunity_a,
          co_window_paths_a, co_window_broadway_c, co_window_unsneaky_path_b,
          co_window_broadway_b, glass_columns_a, minmay_misc_feat_rugged,
          bh_walls_and_bars, uniq_maggie, uniq_pikel, uniq_joseph, uniq_menkaure
D:8:      layout_layer_cave, lemuel_crystal_altar, lemuel_crystal_altar,
          basic_altar, serial_shops, shop, shop, nicolae_shop_stone
D:9:      layout_grid_maze, serial_shops, shop
D:10:     layout_loops_ring, fedhas_altar_decomposition, uniq_sonja, uniq_snorg
D:11:     layout_rooms, david_lair_shrubbed,
          kennysheep_orc_monster_closet_entryway, enter_bailey_5,
          amcnicky_altar_lugonu_corruption, uniq_josephine
D:12:     layout_rooms, serial_shops,
          nicolae_shop_temple_entry_statues_fountains, kennysheep_crisscross
D:13:     layout_roguey, grunt_ministairs_14
D:14:     minmay_strange_plus, layout_loops_cross, ximxim_vaults_locker_room,
          chequers_serial_rivers_room_b, nemelex_diamond_rough_becter,
          uniq_louise, uniq_rupert
D:15:     gammafunk_depths_entry_grave, layout_rooms, serial_ice, serial_ice_e,
          serial_ice_a, serial_ice_i, serial_ice_g, serial_ice_n, serial_ice_c,
          chequers_avenue
Lair:1:   layout_layer_cave, basic_altar, lemuel_fruit_tree
Lair:2:   layout_long_grid, nicolae_swamp_entry_splash_gauntlet,
          spider_nest_entry_webs, grunt_megastairs_1
Lair:3:   layout_cellular_growth, grunt_megastairs_3
Lair:4:   layout_small_grid, minmay_another_anthill
Lair:5:   layout_regular_city
Lair:6:   wormcave, layout_cellular_growth, guppyfry_lair_end_dragon,
          slime_altar_1, lemuel_fruit_fields
Swamp:1:  layout_basic_swamp, evilmike_swamp_ruin_rubble_1, swamp_pool4
Swamp:2:  layout_basic_swamp, evilmike_swamp_ruin_house_5, swamp_pool4,
          infiniplex_staircase_pool_2
Swamp:3:  nzn_winding_woodlands_small [nzn_winding_woodlands_5x15_pool,
          nzn_winding_woodlands_center_pierced_h,
          nzn_winding_woodlands_5x15_eye], layout_basic_swamp,
          serial_swamp_ruin, evilmike_swamp_ruin_house_4,
          evilmike_swamp_ruin_house_2
Orc:1:    layout_caves, uniq_harold, uniq_gastronok, uniq_nergalle
Orc:2:    grunt_orc_tribal_feast, layout_caves

Skill      XL: |  1  2  3  4  5  6  7  8  9 10 11 12 13 14 15 16 |
---------------+-------------------------------------------------+-----
Axes           | 3 4 5 6 7 13 18 19 | 19.9
Maces & Flails | 3 5 8 9 |  9.0
Invocations    | 2 8 10 | 10.3
Fighting       | 4 10 13 | 13.3
Armour         | 3 6 14 | 14.7
Dodging        | 5 |  5.1
Evocations     | 3 |  3.1
Bows           | 3 9 11 | 11.8

Action                   |  1- 3 |  4- 6 |  7- 9 | 10-12 | 13-15 | 16-18 || total
-------------------------+-------+-------+-------+-------+-------+-------++-------
Melee: Hand axe          |    74 |    58 |    13 |     3 |       |       ||   148
       Headbutt          |     9 |    26 |    41 |    57 |   122 |    10 ||   265
       Whip              |       |    77 |   278 |   214 |       |       ||   569
       Executioner's axe |       |       |       |    44 |   665 |    54 ||   763
 Fire: Shortbow          |       |       |       |   450 |   866 |       ||  1316
       Arbalest          |       |       |       |    17 |       |       ||    17
       Longbow           |       |       |       |       |       |    60 ||    60
Throw: Javelin           |       |    15 |     9 |       |       |       ||    24
       Stone             |       |     8 |    27 |    10 |       |       ||    45
       Boomerang         |       |       |       |    30 |    48 |       ||    78
       Dart              |       |       |       |     1 |     8 |       ||     9
Invok: Banish            |       |       |       |    16 |    12 |     9 ||    37
       Corrupt           |       |       |       |       |     4 |       ||     4
       Bend Space        |       |       |       |       |     3 |       ||     3
Evoke: Condenser vane    |       |       |       |     2 |     4 |     1 ||     7
       Wand              |       |       |       |     4 |    13 |    13 ||    30
       Tin of tremorston |       |       |       |       |     4 |       ||     4
       Phial of floods   |       |       |       |       |     2 |       ||     2
  Use: Scroll            |     2 |     3 |     2 |    16 |    13 |     8 ||    44
       Potion            |       |       |     1 |     4 |    10 |     4 ||    19
 Stab: Confused          |       |       |       |       |     2 |       ||     2
       Fleeing           |       |       |       |       |     1 |       ||     1
Armor: Ring mail         |    42 |    45 |       |       |       |       ||    87
       Scale mail        |       |    11 |   100 |     1 |       |       ||   112
       Swamp dragon scal |       |       |       |    74 |       |       ||    74
       Plate armour      |       |       |       |   132 |   541 |    94 ||   767
Dodge: Dodged            |    59 |    59 |   105 |   208 |   279 |    46 ||   756
       Repelled          |       |       |       |     1 |     5 |     4 ||    10
Block: Other             |       |       |       |     2 |   130 |       ||   132
       Reflection        |       |       |       |       |     8 |       ||     8

Table legend: (Time is in decaauts)
 A = Elapsed time spent in this place.
 B = Non-inter-level travel time spent in this place.
 C = Inter-level travel time spent in this place.
 D = Time resting spent in this place.
 E = Time spent auto-exploring this place.
 F = Levels seen in this place.
 G = Mean time per level.
                   A        B        C        D        E       F      G
               +--------+--------+--------+--------+--------+-----+--------+
         Total |  42333 |  40858 |   1475 |  15910 |  18437 |  28 | 1511.9 |
       Dungeon |  23812 |  22783 |   1029 |   7807 |  11058 |  15 | 1587.5 |
          Lair |  11034 |  10719 |    315 |   4199 |   5277 |   6 | 1839.0 |
         Swamp |   3584 |   3500 |     84 |   1957 |    976 |   3 | 1194.7 |
  Orcish Mines |   3575 |   3529 |     46 |   1946 |   1012 |   2 | 1787.5 |
         Abyss |     31 |     31 |      0 |      0 |     22 |   1 |   31.0 |
        Bailey |    295 |    295 |      0 |      0 |     92 |   1 |  295.0 |
               +--------+--------+--------+--------+--------+-----+--------+

Top non-repeatable levels by time:
  Lair:6: 3676 daAuts
   Orc:2: 2926 daAuts
    D:14: 2408 daAuts
  Lair:2: 2392 daAuts
    D:11: 2328 daAuts
    D:15: 2218 daAuts
  Lair:1: 1977 daAuts
 Swamp:1: 1977 daAuts
     D:7: 1916 daAuts
     D:6: 1820 daAuts
     D:8: 1756 daAuts
    D:13: 1679 daAuts
    D:10: 1643 daAuts
    D:12: 1491 daAuts
 Swamp:2: 1414 daAuts
